 Dungeon Crawl Stone Soup version 0.19-a0-198-gc02d5d8 (webtiles) character file.

442 Chemotherapy the Poker (level 7, -4/50 HPs)
             Began as a Merfolk Skald on May 23, 2016.
             Incinerated by xnavy's ghost (6 damage)
             ... with a sticky flame
             ... on level 5 of the Dungeon.
             The game lasted 00:09:45 (3793 turns).

Chemotherapy the Poker (Merfolk Skald)              Turns: 3793, Time: 00:09:46

Health: -4/50      AC: 13    Str: 13    XL:     7   Next: 2%
Magic:  0/10       EV: 10    Int: 13    God:
Gold:   156        SH:  4    Dex: 13    Spells: 3 memorised, 5 levels left

rFire  . . .     SeeInvis .     q - +1 trident (curse)
rCold  . . .     Gourm    .     a - +1 ring mail {rPois}
rNeg   . . .     Faith    .     g - +0 buckler
rPois  +         Spirit   +     t - +0 helmet
rElec  .         Dismiss  .     u - +1 cloak
rCorr  .         Reflect  .     n - +0 pair of gloves
SustAt .         Harm     .     e - +0 pair of boots
MR     .....     Rnd*Tele +     l - amulet of guardian spirit {Spirit}
Stlth  +.........               f - ring of teleportation (curse) {+/*tele, !d}
                                j - +2 ring of protection

@: exhausted, liquid flames, infused, slowed, glowing, very slow, not resistant
to hostile enchantments, very unstealthy
A: change form in water, swift swim
a: no special abilities


You were on level 5 of the Dungeon.
You were hungry.

You visited 1 branch of the dungeon, and saw 5 of its levels.

You collected 156 gold pieces.

Inventory:

Hand Weapons
 q - a cursed +1 trident (weapon)
   (You found it on level 2 of the Dungeon)
Armour
 a - a +1 ring mail of poison resistance (worn)
   (You found it on level 3 of the Dungeon)
 e - a +0 pair of boots (worn)
   (You found it on level 1 of the Dungeon)
 g - a +0 buckler (worn)
   (You found it on level 3 of the Dungeon)
 n - a +0 pair of gloves (worn)
   (You found it on level 1 of the Dungeon)
 t - a +0 helmet (worn)
   (You took it off Robin on level 3 of the Dungeon)
 u - a +1 cloak (worn)
   (You found it on level 4 of the Dungeon)
Jewellery
 f - a cursed ring of teleportation (right hand) {+/*tele, !d}
   (You found it on level 1 of the Dungeon)
 j - a +2 ring of protection (left hand)
   (You found it on level 1 of the Dungeon)
 l - an amulet of guardian spirit (around neck) {Spirit}
   (You found it on level 2 of the Dungeon)
 p - an uncursed ring of ice {rC+, rF-}
   (You found it on level 3 of the Dungeon)
 z - an uncursed ring of protection from fire {unknown}
   (You found it on level 4 of the Dungeon)
 A - a +3 ring of strength {unknown}
   (You found it on level 4 of the Dungeon)
Wands
 w - a wand of paralysis (13/24)
   (You found it on level 4 of the Dungeon)
Scrolls
 x - a scroll of enchant armour
 y - a scroll of magic mapping {!r}
Potions
 h - 2 potions of flight {unknown}
 i - 2 potions of curing {unknown}
 s - 3 potions of cure mutation {unknown}
 v - a potion of degeneration {unknown}
Books
 c - a book of Battle
Comestibles
 b - 3 chunks of flesh {@w0}
 d - 5 bread rations {@e1}
 m - 5 fruits
 o - 2 meat rations {@e2}
 r - 2 beef jerkies


   Skills:
 - Level 2.1 Fighting
 * Level 6.7 Polearms
 - Level 0.6 Armour
 - Level 1.3 Dodging
 + Level 1.1 Shields
 + Level 2.5 Spellcasting
 * Level 1.6 Hexes
 * Level 5.4 Charms
 + Level 1.8 Translocations


You had 5 spell levels left.
You knew the following spells:

 Your Spells              Type           Power        Failure   Level  Hunger
a - Infusion              Chrm           ###.         10%         1    #......
s - Shroud of Golubria    Chrm/Tloc      ##........   28%         2    ###....
z - Spectral Weapon       Hex/Chrm       ##......     58%         3    ###....


Dungeon Overview and Level Annotations

Branches:
Dungeon (5/15)
 Temple: D:4-7

Altars:
Fedhas
Gozag
Trog

Annotations:
D:3 exclusion: oklob plant
D:5 xnavy's ghost, novice DgFE


Message History

You regained 3 hp, and now have 33/44 hp.
MP restored: 9 You hit the giant frog zombie.
The giant frog zombie hits you.
You take 3 damage, and have 30/44 hp.
You now have 8/9 mp.
You puncture the giant frog zombie!
The giant frog zombie hits you but does no damage.
The giant frog zombie misses you.
You hit the giant frog zombie.
The giant frog zombie barely misses you.
You hit the giant frog zombie.
The giant frog zombie hits you but does no damage.
Your ring mail prevents you from hitting the giant frog zombie.
The giant frog zombie hits you.
The giant frog zombie hits you but does no damage.
You take 4 damage, and have 26/44 hp.
You now have 7/9 mp.
You are too injured to fight recklessly!
You are too injured to fight recklessly!
You are too injured to fight recklessly!
You are too injured to fight recklessly!
You are too injured to fight recklessly!
You are too injured to fight recklessly!
You puncture the giant frog zombie!
The giant frog zombie hits you but does no damage.
You hit the giant frog zombie.
You block the giant frog zombie's attack.
You hit the giant frog zombie.
The giant frog zombie hits you but does no damage.
The giant frog zombie barely misses you.
You hit the giant frog zombie.
You block the giant frog zombie's attack.
You hit the giant frog zombie.
You destroy the giant frog zombie!
You have reached level 7!
You regained 4 hp, and now have 31/50 hp.
s - 3 purple potions (gained 1)
You hear the slow rusting of a distant drain.
There are no items here.
Okay, then.
You start resting.
You regained 6 hp, and now have 38/50 hp.
MP restored: 10 Xnavy's ghost turns its malevolent gaze towards you.
Space distorts slightly along a thin shroud covering your body.
Xnavy's ghost casts a spell at you. The puff of flame hits you!
You take 9 damage, and have 31/50 hp.
You now have 6/10 mp.
Unknown command.
You begin infusing your attacks with magical energy.
You now have 5/10 mp.
Drink which item? (? for menu, Esc to quit)
Really quaff
k - a potion of berserk rage {!q}?
A red film seems to cover your vision as you go berserk!
You feel yourself moving faster!
You feel mighty!
You hear the rusting of a distant drain.
You now have 46/75 hp.
You feel a strong urge to attack something.
You closely miss xnavy's ghost. You barely miss xnavy's ghost.
Xnavy's ghost barely misses you.
You barely miss xnavy's ghost. You barely miss xnavy's ghost.
You block xnavy's ghost's attack.
You puncture xnavy's ghost! Xnavy's ghost hits you!
Your shroud falls apart!
You take 8 damage, and have 39/75 hp.
You now have 3/10 mp.
You closely miss xnavy's ghost. You puncture xnavy's ghost!
Xnavy's ghost hits you.
You take 2 damage, and have 37/75 hp.
You hit xnavy's ghost! Xnavy's ghost barely misses you.
You now have 2/10 mp.
You closely miss xnavy's ghost.
Xnavy's ghost ripples.
Xnavy's ghost hits you but does no damage.
You miss xnavy's ghost. You barely miss xnavy's ghost.
Xnavy's ghost gestures at you while chanting.
The puff of flame hits you!
You take 2 damage, and have 36/75 hp.
You barely miss xnavy's ghost.
You are no longer berserk.
You are exhausted.
You feel yourself slow down.
You are feeling hungry.
Some of the chunks of flesh in your inventory have rotted away.
You now have 24/50 hp.
You hit xnavy's ghost!
Xnavy's ghost points at you and mumbles some strange words.
The puff of flame hits you!
Xnavy's ghost sprays you with burning goo.
The sticky flame hits you!
You are covered in liquid flames!
You take 7 damage, and have 17/50 hp.
You now have 1/10 mp.
You hit xnavy's ghost.
You are covered in liquid flames!
* * * LOW HITPOINT WARNING * * *
Xnavy's ghost hits you but does no damage. x2
You take 15 damage, and have 2/50 hp.
MASSIVE DAMAGE!!
You now have 0/10 mp.
You barely miss xnavy's ghost.
You are covered in liquid flames!
You die...

##.#.......# ##.........
...#..####.# #..........
#.....# .#
##.................
.<.รท..### .#
#....$.............
#........#.#
#..................
.........#
#.................#
...#..#..#
#.................#
...#..#..#
#.W....$..........#
...#..#..#.##
#.@...............#
.............
#.................#
.....<.......
#.................#
.#...##.#....
#....=.......!....#
.......... .
#..................
####.##.....
#.................. ..#
.....##........).........
..#
....#.....<.............
#... .
.....................


You could see xnavy's ghost.

Vanquished Creatures
  An ogre (D:5)
  A giant frog zombie (D:5)
  A hound (D:4)
  A centaur skeleton (D:4)
  An iguana (D:5)
  Ijyb (D:3)
  Robin (D:3)
  6 adders
  4 gnolls
  4 worms
  3 dart slugs
  A giant gecko (D:5)
  An orc (D:3)
  3 giant cockroaches
  19 goblins
  8 hobgoblins
  6 jackals
  6 kobolds
  3 quokkas
  A ball python (D:2)
  6 bats
  A giant gecko skeleton (D:4)
  4 giant newts
  A jackal skeleton (D:5)
  A quokka skeleton (D:4)
  7 rats
92 creatures vanquished.

Notes
Turn   | Place    | Note
--------------------------------------------------------------
     0 | D:1      | Chemotherapy the Merfolk Skald began the quest for the Orb.
     0 | D:1      | Reached XP level 1. HP: 16/16 MP: 3/3
   101 | D:1      | Reached XP level 2. HP: 20/22 MP: 5/5
   110 | D:1      | Learned a level 2 spell: Shroud of Golubria
   404 | D:1      | Reached skill level 4 in Polearms
   624 | D:1      | Reached XP level 3. HP: 26/27 MP: 6/6
   957 | D:2      | Reached skill level 4 in Charms
  1253 | D:2      | Found an opulent altar of Gozag.
  1757 | D:2      | Reached XP level 4. HP: 33/33 MP: 7/7
  1799 | D:2      | Found a bloodstained altar of Trog.
  2003 | D:3      | Reached skill level 5 in Polearms
  2075 | D:3      | Learned a level 3 spell: Spectral Weapon
  2255 | D:3      | Noticed Ijyb
  2283 | D:3      | Killed Ijyb
  2407 | D:3      | Reached XP level 5. HP: 38/38 MP: 5/8
  2474 | D:3      | Found a blossoming altar of Fedhas.
  2634 | D:3      | Noticed Robin
  2647 | D:3      | HunfridMar: morning sucka
  2647 | D:3      | HunfridMar: hows it
  2647 | D:3      | Chemotherapy: hey pretty good
  2647 | D:3      | Chemotherapy: how are you?
  2647 | D:3      | HunfridMar: not too bad
  2655 | D:3      | Killed Robin
  2699 | D:3      | Chemotherapy: What's your work week look like?
  2923 | D:3      | Noticed an oklob plant
  2963 | D:4      | Reached skill level 6 in Polearms
  2963 | D:4      | Reached skill level 1 in Hexes
  2964 | D:4      | HunfridMar: semi heavy I'm taking Friday off to head up to the cabin
  2964 | D:4      | Chemotherapy: nice
  2964 | D:4      | Chemotherapy: yeah I think henry and I are heading up wed
  2964 | D:4      | HunfridMar: how's your week looking
  2976 | D:4      | HunfridMar: nice
  3000 | D:3      | Reached skill level 1 in Translocations
  3041 | D:3      | Chemotherapy: pretty good had breakfast with michael and then saw my sister this morning which was nice
  3174 | D:4      | Reached XP level 6. HP: 44/44 MP: 1/9
  3178 | D:4      | HunfridMar: sweet
  3250 | D:4      | HunfridMar: i've been pretty lzay
  3469 | D:4      | HunfridMar: dropped the kids off and then have been just mullin how to start my day
  3470 | D:4      | HunfridMar: probably should get to it though
  3470 | D:4      | HunfridMar: i'll chat you later!
  3470 | D:4      | Chemotherapy: you should start with a game of crawl
  3470 | D:4      | Chemotherapy: probaly
  3470 | D:4      | HunfridMar: hehe yeah probably should
  3549 | D:5      | Entered Level 5 of the Dungeon
  3553 | D:5      | Reached skill level 5 in Charms
  3587 | D:5      | Noticed xnavy's ghost (novice DgFE)
  3651 | D:5      | Reached skill level 1 in Shields
  3718 | D:5      | Reached XP level 7. HP: 30/50 MP: 7/10
  3792 | D:5      | HP: 2/50 [burnt (15)]
  3793 | D:5      | Incinerated by xnavy's ghost

Vault maps used:
D:1:      shiori_arrival_maze, serial_forest, infiniplex_forest_straight_4,
          infiniplex_forest_end_1, infiniplex_forest_clump_long,
          infiniplex_forest_clump_long, infiniplex_forest_end_2,
          infiniplex_forest_end_double, infiniplex_forest_clump_tiny
D:2:      lightli_temple_of_fire, grunt_gozag_breadcrumbs
D:3:      tgw_fedhas, uniq_iyjb, uniq_robin
D:4:      first_bread
D:5:      gammafunk_temple_overflow_statue, serial_shops, shop_fountains,
          gup_sewer_entry_glass, minmay_misc_feat_room, grunt_ministairs_8

Skill      XL: |  1  2  3  4  5  6 |
---------------+-------------------+-----
Polearms       | 4 5 6 |  6.7
Charms         | 4 5 |  5.4
Hexes          | 1 |  1.6
Translocations | 1 |  1.8
Shields        | 1 |  1.1
Fighting       | |  2.1
Armour         | |  0.6
Dodging        | |  1.3
Spellcasting   | |  2.5

Action                   |  1- 3 |  4- 6 |  7- 9 || total
-------------------------+-------+-------+-------++-------
Melee: Spear             |   108 |       |       ||   108
       Trident           |    11 |   235 |    15 ||   261
 Cast: Infusion          |     8 |     6 |     1 ||    15
       Shroud of Golubri |     1 |     5 |     1 ||     7
  Use: Scroll            |     3 |     7 |       ||    10
       Potion            |       |       |     1 ||     1
 Stab: Sleeping          |     3 |     1 |       ||     4
  Eat: Chunk             |     3 |     6 |       ||     9
       Fruit             |       |     2 |       ||     2
Armor: Leather armour    |    16 |    18 |       ||    34
       Ring mail         |       |    77 |     3 ||    80
Dodge: Dodged            |    40 |   102 |     2 ||   144
Block: Buckler           |       |    13 |     1 ||    14

Vault maps used:
D:1:      shiori_arrival_maze, serial_forest, infiniplex_forest_straight_4,
          infiniplex_forest_end_1, infiniplex_forest_clump_long,
          infiniplex_forest_clump_long, infiniplex_forest_end_2,
          infiniplex_forest_end_double, infiniplex_forest_clump_tiny
D:2:      lightli_temple_of_fire, grunt_gozag_breadcrumbs
D:3:      tgw_fedhas, uniq_iyjb, uniq_robin
D:4:      first_bread
D:5:      gammafunk_temple_overflow_statue, serial_shops, shop_fountains,
          gup_sewer_entry_glass, minmay_misc_feat_room, grunt_ministairs_8

Table legend:
 A = Turns spent in this place as a percentage of turns spent in the entire game.
 B = Non-inter-level travel turns spent in this place as a percentage of non-inter-level travel turns spent in the entire game.
 C = Inter-level travel turns spent in this place as a percentage of turns spent in this place.
 D = Turns resting spent in this place as a percentage of non-inter-level travel turns spent in this place.
 E = Turns spent auto-exploring this place as a percentage of non-inter-level travel turns spent in this place.
 F = Non-inter-level travel turns spent in this place divided by the number of levels of this place that you've seen.
                   A       B       C       D       E      F
               +-------+-------+-------+-------+-------+----------------------
         Total | 100.0 | 100.0 |   0.8 |   2.4 |  11.7 | 194.2
       Dungeon | 100.0 | 100.0 |   0.8 |   2.4 |  11.7 | 194.2
               +-------+-------+-------+-------+-------+----------------------

Table legend:
 A = Kills in this place as a percentage of kills in entire the game.
 B = Kills by you in this place as a percentage of kills by you in the entire game.
 C = Kills by friends in this place as a percentage of kills by friends in the entire game.
 D = Other kills in this place as a percentage of other kills in the entire game.
 E = Experience gained in this place as a percentage of experience gained in the entire game.
 F = Experience gained in this place divided by the number of levels of this place that you have seen.
                   A       B       C       D       E      F
               +-------+-------+-------+-------+-------+----------------------
         Total | 100.0 | 100.0 |  -nan |  -nan | 100.0 | 126.4
       Dungeon | 100.0 | 100.0 |  -nan |  -nan | 100.0 | 126.4
               +-------+-------+-------+-------+-------+----------------------
